 Dungeon Crawl Stone Soup version 0.32-a0-900-g30fb1b0edc (webtiles) character file.

Game seed: 1032785739036763220

3272 Ruich the Magician (level 9, -1/68 (78) HPs)
             Began as a Red Draconian Ice Elementalist on Apr 5, 2024.
             Was an Initiate of Sif Muna.
             Killed from afar by Maurice (4 damage)
             ... with a puff of flame
             ... on level 7 of the Dungeon on Apr 6, 2024.
             The game lasted 00:32:01 (7509 turns).

Ruich the Magician (Red Draconian Ice Elementalist) Turns: 7509, Time: 00:32:02

HP:   -1/68 (78)    AC: 11    Str: 11    XL:     9   Next: 68%
MP:   10/19         EV: 12    Int: 20    God:    Sif Muna [......]
Gold: 0             SH:  0    Dex: 11    Spells: 8/22 levels left

rFire   + . .        h - +0 whip (vamp)
rCold   . . .        (no shield)
rNeg    . . .        (body armour unavailable)
rPois   .            (helmet restricted)
rElec   .            (no cloak)
rCorr   .            (no gloves)
SInv    .            (no boots)
Will    .....        (no amulet)
Stlth   ++           r - +4 ring of protection
HPRegen 0.31/turn    (no ring)
MPRegen 0.16/turn

%: no passive effects
@: slowed, heavily drained, very slow
A: combustion breath, AC +7, unfitting armour, fire resistance 1, cold-blooded
a: Combustion Breath, Renounce Religion


You were on level 7 of the Dungeon.
You worshipped Sif Muna.
Sif Muna was noncommittal.
You visited 2 branches of the dungeon, and saw 8 of its levels.


Innate Abilities, Weirdness & Mutations

You can breathe blasts of explosive embers.
Your fiery red scales are hard. (AC +7)
You cannot fit into any form of body armour.
Your flesh is heat resistant. (rF+)
You are cold-blooded and may be slowed by cold attacks.


   Skills:
 - Level 6.7 Fighting
 - Level 4.0 Dodging
 - Level 4.3 Stealth
 + Level 7.2 Spellcasting
 + Level 0.6 Conjurations
 - Level 5.0 Summonings
 + Level 0.7 Translocations
 - Level 5.1 Ice Magic
 + Level 2.8 Invocations


You had 8 spell levels left.
You knew the following spells:

 Your Spells              Type           Power      Damage    Failure   Level
b - Summon Ice Beast      Ice/Summ       27%        N/A       3%          3
f - Freeze                Ice            100%       1d10      1%          1
i - Iskenderun's Mystic Conj/Tloc 10%            2d4        (+2d2     56%         4
o - Ozocubu's Armour      Ice            27%        N/A       3%          3
r - Frozen Ramparts       Ice            54%        1d9       3%          3

Your spell library contained the following spells:

 Spells                   Type           Power      Damage    Failure   Level
 Call Imp                 Summ           54%        N/A       1%          2
 Jinxbite                 Hex            14%        N/A       14%         2
 Sublimation of Blood     Necr           7%         N/A       14%         2
 Tukima's Dance           Hex            7%         N/A       28%         3
 Dimensional Bullseye     Hex/Tloc       4%         N/A       63%         4
 Yara's Violent Unravell  Hex/Alch       3%         3d4       95%         5
 Enfeeble                 Hex            3%         N/A       100%        7
 Summon Hydra             Summ           13%        N/A       100%        7

Inventory:

Hand Weapons
 c - a +0 club
 d - the +0 rapier "Niawun" {vamp, rN+}
   (You found it on level 6 of the Dungeon)

   rN+:       It protects you from negative energy.
 h - a +0 vampiric whip (weapon)
Missiles
 A - 2 curare-tipped darts {=f}
Magical Staves
 b - a staff of fire {!a}
 q - a staff of air {!a}
Jewellery
 o - an amulet of reflection
 r - a +4 ring of protection (left hand)
Wands
 x - a wand of flame (21)
Scrolls
 e - 2 scrolls of teleportation {@r2}
 f - a scroll of noise
 k - a scroll of enchant armour {unknown}
 m - 2 scrolls of fear
 p - 2 scrolls of poison
 u - a scroll of revelation
 w - a scroll of identify {@r1}
 y - a scroll of fog {unknown}
 z - a scroll of immolation {unknown}
Potions
 a - a potion of magic
 g - 3 potions of curing {@q1}
 l - 2 potions of enlightenment {unknown}
 n - 3 potions of mutation {unknown}
 s - a potion of lignification {unknown}
 t - 2 potions of haste {@q3}
 v - a potion of ambrosia

Dungeon Overview and Level Annotations

Branches:
Dungeon (7/15) Zot: 26405  Temple (1/1) D:6 Zot: 5871

Altars:
Ashenzari
Cheibriados
Elyvilon
Fedhas
Gozag
Kikubaaqudgha
Makhleb
Nemelex Xobeh
Okawaru
Qazlal
Sif Muna
Trog
Uskayaw
Vehumet
Wu Jian
Xom
Yredelemnul
The Shining One

Shops:
D:5 **

Annotations:
D:7 Maurice

......#..................
.....###...............#
.)...................#.#
...................###
...................##
#...................##
#.........#..........#
..........#........)##
.##.............@{### .
.>...............###
##.....###.#.........#
#.........# ##........#
#..#....### #...#...#
...###...# ... ##.##


There were no monsters in sight!


Message History

Something grunts, "Curses!"
Something bites you but does no damage.
You hear a zap.
A puff of flame appears from out of thin air!
The puff of flame misses you.
You feel sick. Something hits you.
* * * LOW HITPOINT WARNING * * *
Something grunts, "Curses!"
Something bites you but does no damage.
Unknown command.
You barely miss something.
You feel sick. Something hits you but does no damage.
Something barely misses you. Something hits you.
* * * LOW HITPOINT WARNING * * *
Something mutters, "Now where did you hide it?"
Something bites you.
* * * LOW HITPOINT WARNING * * *
You feel your power leaking away. Something drains your magic.
You barely miss something.
You feel sick.
You hear a zap.
A puff of flame appears from out of thin air!
The puff of flame misses you.
Unknown command.
You miss something.
You feel sick.
You are no longer poisoned.
You hear a zap.
A puff of flame appears from out of thin air!
You resist.
You die...

Skill      XL: |  1  2  3  4  5  6  7  8  9 |
---------------+----------------------------+-----
Ice Magic      | 5 5 |  5.1
Spellcasting   | 3 4 5 6 7 |  7.2
Summonings     | 2 3 5 |  5.0
Fighting       | 3 5 6 |  6.7
Dodging        | 2 4 |  4.0
Stealth        | 3 4 |  4.3
Invocations    | 2 |  2.8
Conjurations   | |  0.6
Translocations | |  0.7

Action                     |  1- 3 |  4- 6 |  7- 9 || total
---------------------------+-------+-------+-------++-------
  Melee: Unarmed           |     2 |       |       ||     2
         Dagger            |    12 |    84 |   120 ||   216
         Whip              |     1 |       |   149 ||   150
         Tailslap          |     1 |    12 |    40 ||    53
   Cast: Freeze            |    38 |    28 |    20 ||    86
         Frozen Ramparts   |     1 |    18 |    25 ||    44
         Ozocubu's Armour  |       |     6 |     8 ||    14
         Summon Ice Beast  |       |       |    27 ||    27
Ability: Combustion Breath |       |       |     4 ||     4
    Use: Scroll            |       |     1 |     8 ||     9
         Potion            |       |       |     2 ||     2
   Stab: Sleeping          |     2 |     5 |     1 ||     8
         Distracted        |     1 |       |     1 ||     2
 Armour: Skin              |    22 |    62 |   260 ||   344
  Dodge: Dodged            |    21 |    57 |   177 ||   255

Levels and vault maps discovered:
D:1:      psy_arrival_heroes, layout_loops_ring, ebering_ecumenical_altar_webs,
          serial_forest, infiniplex_forest_zigzag_2,
          infiniplex_forest_lined_4_way, infiniplex_forest_lined_corner,
          infiniplex_forest_clump_small, infiniplex_forest_lined_room_,
          infiniplex_forest_clump_curved, infiniplex_forest_clump_curved,
          infiniplex_forest_lined_3, minmay_misc_feat_five,
          minmay_misc_feat_pillars
D:2:      layout_loops_ring, st_stairs_9, grunt_ministairs_13,
          serial_bayou_pond_a
D:3:      layout_basic, mainiacjoe_overflow_paths, cheibrodos_sewer_entry_drain,
          serial_corexii_hall, corexii_hall_statues_x, corexii_hall_statues_i,
          corexii_hall_statues_i, corexii_hall_statues_l,
          chequers_hall_statues_y, corexii_hall_statues_deadend, uniq_jessica
D:4:      minmay_diamond_boxcup, layout_cave_pools,
          nicolae_wu_jian_immortal_techniques, mainiacjoe_overflow_chevrons,
          minmay_close_crescents, uniq_blork_the_orc
D:5:      layout_basic, grunt_temple_overflow_forces_of_nature,
          ebering_ghost_reflecting_pool, nicolae_specific_store,
          minmay_misc_feat_nine_boxes
D:6:      minmay_evil_eye, layout_rooms, kennysheep_slug_shrine,
          minmay_temple_entry_grid, kennysheep_generic_room_12
D:7:      layout_cave_pools, nzn_hepliaklqana_mist_gate, serial_shops, shop,
          minmay_shop_damaged, uniq_maurice
Temple:   minmay_temple_forest_path

Notes
Turn   | Place    | Note
-------+----------+-------------------------------------------
     0 | D:1      | Ruich the Draconian Ice Elementalist began the quest for
                  | the Orb.
     0 | D:1      | Reached XP level 1. HP: 14/14 MP: 3/3
    26 | D:1      | Found a faded altar of an unknown god.
   263 | D:1      | Reached XP level 2. HP: 15/20 MP: 1/5
  1116 | D:2      | Reached XP level 3. HP: 26/26 MP: 3/6
  1120 | D:2      | Learned a level 3 spell: Frozen Ramparts
  1354 | D:2      | You fall into a shaft and drop 1 floor!
  1364 | D:3      | Learned a level 3 spell: Ozocubu's Armour
  1409 | D:3      | Reached skill level 5 in Ice Magic
  1417 | D:3      | Reached XP level 4. HP: 33/33 MP: 4/8
  1464 | D:3      | Reached skill level 3 in Spellcasting
  2424 | D:3      | Noticed Jessica
  2430 | D:3      | Killed Jessica
  2431 | D:3      | Reached XP level 5. HP: 35/38 MP: 5/9
  2436 | D:3      | Learned a level 3 spell: Summon Ice Beast
  2546 | D:3      | Found a broken altar of Ashenzari.
  2769 | D:3      | Reached skill level 1 in Summonings
  3188 | D:4      | Reached skill level 2 in Summonings
  3188 | D:4      | Reached XP level 6. HP: 44/45 MP: 7/11
  3194 | D:4      | Noticed Blork the orc
  3213 | D:4      | Killed Blork the orc
  3305 | D:4      | Reached skill level 3 in Summonings
  3305 | D:4      | Reached skill level 6 in Ice Magic
  3369 | D:4      | Reached skill level 4 in Spellcasting
  3380 | D:4      | Found an ancient bone altar of Kikubaaqudgha.
  3523 | D:4      | Found an ornate altar of the Wu Jian Council.
  3783 | D:4      | Your scales start taking on a fiery red colour.
  3783 | D:4      | Reduced skill Ice Magic to level 5
  3783 | D:4      | Reached XP level 7. HP: 38/50 MP: 9/13
  3783 | D:4      | Gained mutation: Your flesh is heat resistant. (rF+) [Red
                  | Draconian growth]
  3917 | D:4      | Reached skill level 4 in Summonings
  4104 | D:5      | Entered Level 5 of the Dungeon
  4221 | D:5      | Reached skill level 1 in Fighting
  4536 | D:5      | Found a blossoming altar of Fedhas.
  4569 | D:5      | Reached skill level 2 in Fighting
  4569 | D:5      | Reached skill level 5 in Summonings
  4626 | D:5      | Found a stormy altar of Qazlal.
  4681 | D:5      | Reached skill level 3 in Fighting
  4681 | D:5      | Reached skill level 5 in Spellcasting
  4681 | D:5      | Reached XP level 8. HP: 9/63 MP: 3/15
  4972 | D:5      | Found a runed translucent door.
  4973 | D:5      | Noticed Orlauf's ghost (amateur DsGl)
  5008 | D:5      | Killed Orlauf's ghost
  5009 | D:5      | Reached skill level 4 in Fighting
  5289 | D:5      | Found Bybror's Specific Store.
  5291 | D:5      | Found Laisosko's General Store.
  5428 | D:5      | Reached skill level 5 in Fighting
  5428 | D:5      | Reached skill level 6 in Spellcasting
  5561 | D:5      | Reached skill level 2 in Dodging
  5561 | D:5      | Reached skill level 2 in Stealth
  5872 | D:6      | Found a snail-covered altar of Cheibriados.
  6037 | D:6      | Reached skill level 3 in Stealth
  6037 | D:6      | Reached XP level 9. HP: 71/75 MP: 9/18
  6145 | D:6      | Reached skill level 3 in Dodging
  6172 | D:6      | Identified the +0 rapier "Niawun" {vamp, rN+}
  6236 | D:6      | Found a staircase to the Ecumenical Temple.
  6257 | D:6      | Reached skill level 6 in Fighting
  6459 | Temple   | Entered the Ecumenical Temple
  6550 | Temple   | Became a worshipper of Sif Muna the Loreminder
  6944 | D:7      | Reached skill level 1 in Invocations
  6953 | D:7      | Noticed a two-headed ogre
  6963 | D:7      | Killed a two-headed ogre
  6964 | D:7      | Reached skill level 4 in Stealth
  6964 | D:7      | Reached skill level 7 in Spellcasting
  6964 | D:7      | Reached skill level 2 in Invocations
  7031 | D:6      | Reached skill level 4 in Dodging
  7196 | D:6      | Learned a level 4 spell: Iskenderun's Mystic Blast
  7439 | D:7      | Noticed Maurice
  7450 | D:7      | Something stole a +2 dagger of venom
  7455 | D:7      | Something stole a ring of ice
  7456 | D:7      | Something stole 4 curare-tipped darts {=f}
  7461 | D:7      | Something stole 363 gold
  7507 | D:7      | HP: 6/68 [something (1)]
  7509 | D:7      | Killed from afar by Maurice

Vanquished Creatures
  A two-headed ogre (D:7)
  2 water moccasins
  A sky beast (D:6)
  An ice beast (D:6)
  A black bear (D:6)
  An ogre (D:5)
  2 phantoms (D:5)
  Blork the orc (D:4)
  2 bullfrogs (D:6)
  2 scorpions
  A howler monkey (D:5)
  4 bombardier beetles
  A jelly (D:4)
  3 hounds
  An orc priest (D:5)
  Jessica (D:3)
  4 iguanas
  6 orc wizards
  7 gnolls
  9 adders
  2 ufetubi (D:6)
  4 dart slugs
  6 ribbon worms
  9 orcs
  3 bats
  8 endoplasms
  3 giant cockroaches
  14 goblins
  5 hobgoblins
  4 quokkas
  9 ball pythons
  5 frilled lizards
  8 kobolds
  6 rats
137 creatures vanquished.

Vanquished Creatures (collateral kills)
  The ghost of Orlauf the Slasher, an amateur DsGl of Uskayaw (D:5)
  A black bear (D:6)
  An ice beast (D:5)
  A phantom (D:6)
  A bullfrog (D:6)
  A scorpion (D:5)
  3 wights
  An orc priest (D:6)
  2 sleepcaps (D:6)
  An adder (D:6)
  A shadow imp (D:7)
14 creatures vanquished.

Grand Total: 151 creatures vanquished

Table legend: (Time is in decaauts)
 A = Elapsed time spent in this place.
 B = Non-inter-level travel time spent in this place.
 C = Inter-level travel time spent in this place.
 D = Time resting spent in this place.
 E = Time spent auto-exploring this place.
 F = Levels seen in this place.
 G = Mean time per level.
                   A        B        C        D        E       F      G
               +--------+--------+--------+--------+--------+-----+--------+
         Total |   7548 |   7385 |    163 |   2125 |   3167 |   8 |  943.5 |
       Dungeon |   7419 |   7292 |    127 |   2125 |   3167 |   7 | 1059.9 |
        Temple |    128 |     92 |     36 |      0 |      0 |   1 |  128.0 |
               +--------+--------+--------+--------+--------+-----+--------+

Top non-repeatable levels by time:
     D:5: 1665 daAuts
     D:6: 1326 daAuts
     D:3: 1072 daAuts
     D:2: 1033 daAuts
     D:1: 1019 daAuts
     D:4: 985 daAuts
     D:7: 317 daAuts
  Temple: 128 daAuts

Table legend:
 A = Non-vault XP
 B = Vault XP
 C = Vault XP percentage of total XP
 D = Non-vault monster count
 E = Vault monster count
 F = Vault count percentage of total count
                 A         B        C        D         E       F
            +---------+---------+-------+---------+---------+-------
      Total |    3648 |    1027 |  22.0 |     120 |      31 |  20.5
            +---------+---------+-------+---------+---------+-------
        D:1 |      25 |       0 |   0.0 |      15 |       0 |   0.0
        D:2 |      68 |       7 |   9.3 |      22 |       5 |  18.5
        D:3 |     149 |      44 |  22.8 |      16 |       4 |  20.0
        D:4 |     295 |     226 |  43.4 |      21 |      15 |  41.7
        D:5 |    1119 |     283 |  20.2 |      23 |       1 |   4.2
        D:6 |     906 |     467 |  34.0 |      17 |       6 |  26.1
        D:7 |    1086 |       0 |   0.0 |       6 |       0 |   0.0
            +---------+---------+-------+---------+---------+-------
